AoeStats
← xxzxg_Nono

Arena

510088640Analyzed
2v2 RM · 3d ago on Sep 29, 2026· 49m 46s· 4 players
Game mode
Random Map
Map size
Medium (4 player)
Population
200
Speed
Normal
Resources
Standard
Victory
Conquest
Starting age
Dark Age
Ending age
Imperial Age
RankedLock teamsTeams togetherTeam positionsShared explorationLock speedFull tech treeHidden civsTurbo modeCheats
Victory
Defeat
🇨🇳 Sicilians · China
972
+14
905
+16
🇭🇰 Goths · Hong Kong SAR China
920
-15
🇨🇳 Mongols · China
919
-15
砍德沃.基尔邦硬.香达菲基
4:14 Loom
10:53 Feudal Age
11:29 Double-Bit Axe
14:57 Horse Collar
17:41 Castle Age
19:05 Bow Saw
19:41 Heavy Plow
24:15 Fervor
24:17 Heavy Plow
24:58 Wheelbarrow
31:15 Imperial Age
29:10 Forging
29:41 Husbandry
29:51 Bloodlines
30:54 Hand Cart
31:13 Caravan
31:51 Iron Casting
31:45 Town Watch
31:58 Heavy Camel Rider
33:13 Gold Mining
33:14 Stone Mining
34:47 Blast Furnace
33:53 Scale Barding Armor
35:18 Treadmill Crane
35:33 Murder Holes
36:42 Chemistry
36:51 Conscription
37:41 Hoardings
37:44 Masonry
39:38 Hoardings
39:41 Chain Barding Armor
39:12 Fletching
40:47 Town Patrol
40:25 Capped Ram
41:18 Bodkin Arrow
42:00 Plate Barding Armor
41:25 Padded Archer Armor
43:08 Bracer
44:53 Elite Camel Archer
45:38 Maghrebi Camels
46:46 Gold Shaft Mining
47:33 Siege Engineers
xxzxg_Nono
5:10 Loom
10:01 Feudal Age
16:02 Castle Age
15:06 Double-Bit Axe
15:03 Horse Collar
23:48 Heavy Plow
24:33 Fervor
25:57 Wheelbarrow
25:36 Bow Saw
27:28 Pikeman
28:27 Stone Mining
31:14 Imperial Age
28:45 Fletching
29:10 Forging
29:54 Squires
29:40 Gambesons
29:43 Arson
30:16 Hand Cart
30:24 Bodkin Arrow
30:34 Scale Mail Armor
31:09 Elite Skirmisher
32:23 Conscription
31:47 Elite Genitour
33:15 Bracer
34:28 Chain Mail Armor
37:57 Padded Archer Armor
38:25 Ballistics
39:51 Murder Holes
40:42 Caravan
42:20 Plate Mail Armor
42:25 Iron Casting
41:57 Gold Mining
43:11 Elite Serjeant
43:47 Halberdier
44:36 Elite Serjeant
46:03 First Crusade
47:37 Blast Furnace
47:58 Stone Shaft Mining
48:01 Gold Shaft Mining
48:08 Leather Archer Armor
1997w.q.
1:38 Loom
11:38 Feudal Age
15:57 Castle Age
14:57 Horse Collar
15:06 Double-Bit Axe
17:08 Bow Saw
18:59 Heavy Plow
26:15 Stone Mining
26:57 Anarchy
29:04 Scale Mail Armor
29:15 Forging
29:10 Squires
28:33 Pikeman
30:22 Masonry
30:34 Ballistics
34:10 Imperial Age
34:01 Stone Shaft Mining
34:17 Chain Mail Armor
35:14 Murder Holes
36:31 Crop Rotation
37:08 Chemistry
36:29 Halberdier
38:04 Iron Casting
43:39 Conscription
43:20 Perfusion
50:06 Blast Furnace
手抓羊排
10:12 Feudal Age
13:46 Castle Age
11:32 Double-Bit Axe
11:29 Horse Collar
13:49 Loom
24:40 Wheelbarrow
27:44 Hand Cart
28:56 Ballistics
29:16 Gold Mining
29:16 Stone Mining
29:38 Bow Saw
29:30 Heavy Plow
29:20 Town Watch
29:57 Thumb Ring
30:16 Town Patrol
33:15 Imperial Age
31:38 Bloodlines
31:30 Husbandry
32:15 Masonry
32:09 Light Cavalry
32:53 Town Patrol
35:27 Gold Shaft Mining
35:36 Stone Shaft Mining
34:35 Elite Skirmisher
35:41 Parthian Tactics
35:03 Hussar
36:19 Conscription
36:02 Fletching
36:02 Elite Mangudai
37:46 Bodkin Arrow
37:52 Padded Archer Armor
37:53 Heavy Camel Rider
40:31 Bracer
40:46 Leather Archer Armor
40:42 Forging
40:37 Scale Barding Armor
45:38 Iron Casting
45:24 Chain Barding Armor
45:43 Nomads
48:49 Blast Furnace
Connection lost

Rejoining the realm…

Still unreachable

The connection could not be restored.

Session expired

The server has moved on; the page needs a fresh start.